 Dungeon Crawl Stone Soup version 0.32-a0-131-g9dbbe29 (webtiles) character file.

Game seed: 3131698162397301445

1122 Cont the Covered (level 8, -4/66 HPs)
             Began as an Armataur Fighter on Feb 8, 2024.
             Slain by an iguana (12 damage)
             ... on level 5 of the Dungeon.
             The game lasted 00:10:30 (3756 turns).

Cont the Covered (Armataur Fighter)                 Turns: 3756, Time: 00:10:30

Health: -4/66      AC:  8    Str: 23    XL:     8   Next: 12%
Magic:  8/8        EV:  8    Int:  9    God:
Gold:   244        SH:  4    Dex: 10    Spells: 7/7 levels left

rFire   + . .        t - +2 falchion (vamp)
rCold   x . .        c - +0 buckler
rNeg    . . .        b - +0 scale mail
rPois   .            (no helmet)
rElec   .            h - +0 cloak
rCorr   .            (no gloves)
SInv    +            (no barding)
Will    .....        (no amulet) Stlth
                     e - ring of fire
HPRegen 0.31/turn    k - ring of see invisible
MPRegen 0.11/turn

%: roll
@: lethally poisoned (-4 -> -6)
A: large, deformed body, tough skin 3, armoured tail, roll 2
a: no special abilities


You were on level 5 of the Dungeon.
You visited 1 branch of the dungeon, and saw 5 of its levels.
You also visited: Sewer.

You collected 244 gold pieces.

Inventory:

Hand Weapons
 a - a +0 war axe
 f - a +3 long sword of electrocution
 t - a +2 vampiric falchion (weapon)
Missiles
 m - a throwing net (quivered)
Armour
 b - a +0 scale mail (worn)
 c - a +0 buckler (worn)
 h - a +0 cloak (worn)
Jewellery
 e - a ring of fire (left hand)
 k - a ring of see invisible (right hand)
Wands
 d - a wand of flame (22)
 n - a wand of roots (10)
 p - a wand of mindburst (13)
Scrolls
 g - a scroll of teleportation
 r - a scroll of silence
Potions
 i - 3 potions of cancellation
 j - 2 potions of invisibility
 l - a potion of haste
 o - 3 potions of magic
 q - a potion of degeneration {unknown}
 s - a potion of ambrosia {unknown}
 u - a potion of curing
 v - a potion of enlightenment {unknown}


   Skills:
 + Level 4.0 Fighting
 + Level 5.4 Long Blades
 + Level 2.3 Axes
 + Level 6.0 Armour
 + Level 2.0 Dodging
 + Level 1.6 Stealth
 + Level 4.6 Shields


You had 7 spell levels left.
You didn't know any spells.
Your spell library contained the following spells:

 Spells                   Type           Power      Damage    Failure   Level
 Sandblast                Erth           0%         2d4       75%         1
 Cigotuvi's Dreadful Rot  Necr/Alch/Air  0%         N/A       86%         2
 Sublimation of Blood     Necr           0%         N/A       86%         2
 Passwall                 Erth           0%         N/A       98%         3
 Stone Arrow              Conj/Erth      0%         3d7       98%         3
 Brom's Barrelling Bould  Conj/Erth      0%         2d3       100%        4
 Dispel Undead            Necr           0%         3d6       100%        4
 Martyr's Knell           Necr/Summ      0%         N/A       100%        4
 Petrify                  Alch/Erth      0%         N/A       100%        4
 Irradiate                Conj/Alch      0%         3d11      100%        5
 Death Channel            Necr           0%         N/A       100%        6


Dungeon Overview and Level Annotations

Branches:
Dungeon (5/15)              Sewer (visited)
 Temple: D:4-7

Altars:
Uskayaw
Vehumet
Yredelemnul

Annotations:
D:3 1 runed translucent door


Innate Abilities, Weirdness & Mutations

Armour fits poorly on your strangely shaped body.
You have extremely tough skin. (AC +3)
You have a long armoured tail.
You regenerate magic and health when rolling toward enemies. (Rampage Regen)


Message History

You slash the hound!
You feel better.
The hound is heavily wounded.
The hound closely misses you. The adder bites you but does no damage.
You barely miss the hound.
The hound is heavily wounded.
The hound barely misses you. The adder misses you.
You block the hound's attack.
You hit the hound.
Your tail-slap misses the hound.
The hound is almost dead.
The adder bites you. The hound bites you.
You hit the hound but do no damage.
The hound is almost dead.
The hound barely misses you. You block the adder's attack.
The hound bites you but does no damage. The adder bites you but does no damage.
You hit the hound but do no damage.
The hound is almost dead.
The hound bites you. The adder bites you but does no damage.
The hound bites you but does no damage. The iguana bites you!
You hit the hound.
You kill the hound!
The adder bites you but does no damage. The adder barely misses you.
The iguana bites you.
Your Armour skill increases to level 6!
The adder bites you but does no damage. The iguana bites you!
* * * LOW HITPOINT WARNING * * *
You see here a hound corpse.
You barely miss the iguana. The adder bites you.
* * * LOW HITPOINT WARNING * * *
You are poisoned.
The adder poisons you! The iguana closely misses you.
You miss the adder.
You feel sick.
The adder bites you but does no damage. x2
You block the iguana's attack.
You hit the adder.
You feel better.
You tail-slap the adder.
The adder is almost dead.
You feel sick. The adder barely misses you. The iguana bites you!
* * * LOW HITPOINT WARNING * * *
You closely miss the adder.
The adder is almost dead.
You feel sick. The adder closely misses you. The iguana bites you!
You die...

..#.......####.###...##
.##....##.# #..####..#
. ....##..... #...#
.#.. ... . .##. ##.###
..... ........ #
#..§.##..... ..##...
#....##§....... ..
#....##..###...
#..####†..##... ....
#S@l....... ...
#...#..##... ..
#..###.# . .... ...
..... .#.. #...... #...
....... ## .......


You could see an iguana and an adder.

Vanquished Creatures
  Eustachio (D:4)
  The ghost of beatlcricket the Slasher, an amateur MfMo (D:3)
  An ogre (D:4)
  3 bullfrogs
  A centaur zombie (D:4)
  4 hounds
  A jelly (D:4)
  An orc priest (D:3)
  A gnoll bouda (D:4)
  A sleepcap (D:4)
  2 iguanas (D:5)
  Ijyb (D:4)
  10 adders
  3 gnolls (D:4)
  2 river rats (Sewer)
  2 adder zombies (D:4)
  A ribbon worm (D:3)
  4 orcs
  3 bats
  5 endoplasms
  6 giant cockroaches
  2 goblins
  8 hobgoblins
  4 jackals (D:4)
  4 quokkas
  14 ball pythons
  2 frilled lizards
  7 kobolds
  2 quokka zombies (D:4)
  29 rats
126 creatures vanquished.

Notes
Turn   | Place    | Note
-------+----------+-------------------------------------------
     0 | D:1      | Cont the Armataur Fighter began the quest for the Orb.
     0 | D:1      | Reached XP level 1. HP: 18/18 MP: 1/1
    72 | D:1      | Reached XP level 2. HP: 25/25 MP: 2/2
   347 | D:1      | Reached skill level 4 in Armour
   436 | D:2      | Found a radiant altar of Vehumet.
   981 | D:2      | Reached XP level 3. HP: 28/31 MP: 3/3
  1240 | D:3      | Found a faded altar of an unknown god.
  1274 | D:3      | Reached XP level 4. HP: 32/38 MP: 4/4
  1372 | D:3      | Found a runed translucent door.
  1378 | D:3      | Noticed beatlcricket's ghost (amateur MfMo)
  1379 | D:3      | Noticed a bullfrog
  1482 | D:3      | Found a hide-covered altar of Uskayaw.
  1945 | D:3      | Found a runed translucent door.
  1993 | D:3      | Killed beatlcricket's ghost
  1994 | D:3      | Reached XP level 5. HP: 17/45 MP: 5/5
  1997 | D:3      | Reached XP level 6. HP: 17/51 MP: 6/6
  2134 | D:4      | Found a basalt altar of Yredelemnul.
  2149 | D:4      | Reached skill level 5 in Armour
  2431 | D:4      | Reached skill level 1 in Dodging
  2590 | D:4      | Found a glowing drain.
  2595 | Sewer    | Entered a sewer
  2813 | Sewer    | Gained mutation: You regenerate magic and health when
                  | rolling toward enemies. (Rampage Regen) [Armataur growth]
  2813 | Sewer    | Reached XP level 7. HP: 57/58 MP: 7/7
  2963 | Sewer    | Reached skill level 1 in Stealth
  3154 | D:4      | Noticed Eustachio
  3169 | D:4      | Killed Eustachio
  3258 | D:4      | Noticed Ijyb
  3279 | D:4      | Killed Ijyb
  3283 | D:4      | Reached skill level 5 in Long Blades
  3350 | D:4      | Reached XP level 8. HP: 64/66 MP: 8/8
  3521 | D:5      | Entered Level 5 of the Dungeon
  3752 | D:5      | Reached skill level 6 in Armour
  3756 | D:5      | Slain by an iguana

Illustrated notes

Levels and vault maps discovered:
D:1:      saegor_arrival_miasma, layout_basic
D:2:      layout_basic, basic_altar
D:3:      layout_basic, mainiacjoe_overflow_24_doors,
          nicolae_ecumenical_pavilion, ebering_ghost_sewer_f, st_stairs_8
D:4:      layout_loops_ring, nicolae_yredelemnul_corpse_copse,
          gup_sewer_entry_bowl, uniq_ijyb, uniq_eustachio
D:5:      layout_cave_pools, chequers_garden, hangedman_decor_diamond_cutter

Skill      XL: |  1  2  3  4  5  6  7  8 |
---------------+-------------------------+-----
Fighting       | 3 4 |  4.0
Armour         | 4 5 6 |  6.0
Axes           | 2 |  2.3
Long Blades    | 2 3 5 |  5.4
Shields        | 4 |  4.6
Dodging        | 1 2 |  2.0
Stealth        | 1 |  1.6

Action                     |  1- 3 |  4- 6 |  7- 9 || total
---------------------------+-------+-------+-------++-------
  Melee: War axe           |    54 |       |       ||    54
         Tailslap          |    10 |    16 |    22 ||    48
         Long sword        |    22 |   150 |    76 ||   248
         Falchion          |       |       |    71 ||    71
  Evoke: Wand              |       |     2 |       ||     2
    Use: Scroll            |     4 |     5 |     7 ||    16
         Potion            |       |     4 |     1 ||     5
   Stab: Invisible         |       |     3 |       ||     3
 Armour: Scale mail        |    57 |   167 |   177 ||   401
  Dodge: Dodged            |    42 |    71 |    71 ||   184
  Block: Buckler           |    18 |    37 |    41 ||    96

Table legend: (Time is in decaauts)
 A = Elapsed time spent in this place.
 B = Non-inter-level travel time spent in this place.
 C = Inter-level travel time spent in this place.
 D = Time resting spent in this place.
 E = Time spent auto-exploring this place.
 F = Levels seen in this place.
 G = Mean time per level.
                   A        B        C        D        E       F      G
               +--------+--------+--------+--------+--------+-----+--------+
         Total |   3853 |   3823 |     30 |    158 |   2726 |   6 |  642.2 |
       Dungeon |   3347 |   3317 |     30 |      9 |   2512 |   5 |  669.4 |
         Sewer |    505 |    505 |      0 |    149 |    214 |   1 |  505.0 |
               +--------+--------+--------+--------+--------+-----+--------+

Top non-repeatable levels by time:
     D:4: 923 daAuts
     D:3: 916 daAuts
     D:2: 828 daAuts
   Sewer: 505 daAuts
     D:1: 441 daAuts
     D:5: 236 daAuts
